 Dungeon Crawl Stone Soup version 0.20.1-1-g8b1a95d (webtiles) character file.

93 gobwax the Firebug (level 4, -2/27 HPs)
             Began as an Octopode Fire Elementalist on Aug 25, 2017.
             Hit by a tomahawk thrown by an orc warrior (17 damage)
             ... on level 3 of the Dungeon.
             The game lasted 00:05:10 (2309 turns).

gobwax the Firebug (Octopode Fire Elementalist)     Turns: 2309, Time: 00:05:11

Health: -2/27      AC:  1    Str:  7    XL:     4   Next: 62%
Magic:  2/7        EV: 13    Int: 18    God:
Gold:   169        SH:  0    Dex: 12    Spells: 2/8 levels left

rFire    . . .     SeeInvis .   s - +2 dagger (drain)
rCold    . . .     Gourm    .   (no shield)
rNeg     . . .     Faith    .   (helmet restricted)
rPois    .         Spirit   .   (no amulet)
rElec    .         Reflect  .   (no ring)
rCorr    .         Harm     .   (no ring)
MR       .....                  (no ring)
Stlth    +++.......             (no ring)
Regen    0.1/turn               (no ring)
MPRegen  0.1/turn               (no ring)
                                (no ring)
                                (no ring)

@: no status effects
A: almost no armour, stealthy swim, amphibious, 8 rings, constrict 8, camouflage
1, gelatinous body 1
a: no special abilities


You were on level 3 of the Dungeon.
You were not hungry.

You visited 1 branch of the dungeon, and saw 3 of its levels.

You collected 169 gold pieces.

Inventory:

Hand Weapons
 s - a +2 dagger of draining (weapon)
Missiles
 d - 5 curare-tipped needles
Jewellery
 n - an uncursed ring of stealth {unknown}
Scrolls
 c - 2 scrolls of enchant weapon {unknown}
 e - a scroll of fear {unknown}
 g - a scroll of fog {unknown}
 h - 2 scrolls of remove curse {unknown}
 j - a scroll of immolation {unknown}
 k - 7 scrolls of identify {unknown}
 m - 3 scrolls of magic mapping {unknown}
 o - a scroll of enchant armour {unknown}
 t - a scroll of random uselessness {unknown}
Potions
 i - 2 potions of curing {unknown}
 q - a potion of heal wounds {unknown}
 u - a potion of brilliance {unknown}
Books
 a - a book of Flames

   Spells                             Type                      Level
   a - Flame Tongue                   Conjuration/Fire             1
   b - Throw Flame                    Conjuration/Fire             2
   c - Conjure Flame                  Conjuration/Fire             3
   d - Inner Flame                    Hexes/Fire                   3
   e - Sticky Flame                   Conjuration/Fire             4
   f - Fireball                       Conjuration/Fire             5
Comestibles
 b - 2 bread rations
 f - 2 royal jellies
 l - 11 fruits
 p - 3 meat rations
 r - 2 chunks of flesh


   Skills:
 - Level 2.0 Dodging
 - Level 2.6 Stealth
 + Level 2.6 Spellcasting
 + Level 1.8 Conjurations
 + Level 4.4 Fire Magic


You had 2 spell levels left.
You knew the following spells:

 Your Spells              Type           Power        Failure   Level  Hunger
a - Flame Tongue          Conj/Fire      ##...        4%          1    #......
b - Throw Flame           Conj/Fire      ##....       7%          2    ##.....
c - Conjure Flame         Conj/Fire      ##......     14%         3    ###....


Dungeon Overview and Level Annotations

Branches:
Dungeon (3/15)

Altars:


Innate Abilities, Weirdness & Mutations

You cannot wear most types of armour.
You are very stealthy in the water. (Stealth+)
You are amphibious.
You can wear up to eight rings at the same time.
You can use your tentacles to constrict eight enemies at once.
Your skin changes colour to match your surroundings (Stealth+).
Your rubbery body absorbs attacks. (AC +1, EV +1)


Message History

The orc warrior throws a tomahawk.
The tomahawk barely misses you. The orc closely misses you.
The orc barely misses you.
Casting: Flame Tongue
Confirm with . or Enter, or press ? or * to list all spells.
Aiming: Flame Tongue
Press: ? - help, Shift-Dir - straight line, f/p - orc
Aim: an orc, wielding a flail and wearing a leather armour The flame tongue hits the orc.
The orc appears unharmed.
The orc warrior throws a tomahawk.
The tomahawk hits you. The orc barely misses you.
Casting: Flame Tongue
Confirm with . or Enter, or press ? or * to list all spells.
Aiming: Flame Tongue
Press: ? - help, Shift-Dir - straight line, f/p - orc
Aim: an orc, wielding a flail and wearing a leather armour The flame tongue hits the orc.
You kill the orc!
The orc warrior throws a tomahawk.
The tomahawk hits you!
Ouch! That really hurt!
You die...

##..#########.#
#.............###########
.........................
....########...##...>....
##..########...##........
.....)............(......
.......................#..
###....................#...
................@.........
####......)....o)).......# #
#+##†.................+ ..
##................<.##...# ...
##............o.....##...#....
.+.......................#....
##............................
####.##...............#.......
####.#####....................


You could see an orc warrior and an orc.

Vanquished Creatures
  2 adders
  2 worms
  2 dart slugs
  A leopard gecko (D:2)
  6 orcs (D:3)
  4 bats
  5 giant cockroaches
  9 goblins
  7 hobgoblins
  2 jackals (D:2)
  A quokka (D:2)
  3 frilled lizards (D:2)
  6 kobolds
  2 rats (D:2)
52 creatures vanquished.

Notes
Turn   | Place    | Note
-------+----------+-------------------------------------------
     0 | D:1      | gobwax the Octopode Fire Elementalist began the quest for the Orb.
     0 | D:1      | Reached XP level 1. HP: 11/11 MP: 3/3
   362 | D:1      | Reached XP level 2. HP: 17/17 MP: 5/5
  1055 | D:2      | Reached XP level 3. HP: 21/21 MP: 6/6
  1143 | D:2      | Reached skill level 4 in Fire Magic
  1540 | D:2      | Noticed a scorpion
  1670 | D:3      | Learned a level 2 spell: Throw Flame
  1674 | D:3      | Learned a level 3 spell: Conjure Flame
  1685 | D:3      | Reached XP level 4. HP: 27/27 MP: 4/7
  2285 | D:3      | Noticed an orc warrior
  2309 | D:3      | Hit by a tomahawk thrown by an orc warrior

Skill      XL: |  1  2  3 |
---------------+----------+-----
Fire Magic     | 4 |  4.4
Dodging        | |  2.0
Stealth        | |  2.6
Spellcasting   | |  2.6
Conjurations   | |  1.8

Action                   |  1- 3 |  4- 6 || total
-------------------------+-------+-------++-------
Melee: Unarmed           |    68 |       ||    68
       Constrict         |    20 |     5 ||    25
       Tentacles         |    13 |     2 ||    15
       Dagger            |       |    14 ||    14
 Cast: Flame Tongue      |    48 |    18 ||    66
 Stab: Sleeping          |     8 |       ||     8
  Eat: Chunk             |     2 |     3 ||     5
Armor: Skin              |    19 |     1 ||    20
Dodge: Dodged            |    80 |    16 ||    96
